 Dungeon Crawl Stone Soup version 0.30-a0-1160-g6e42c06551 (webtiles) character file.

Game seed: 16344737107060257918

448 holysushi the Cutter (level 7, 0/46 HPs)
             Began as an Octopode Monk on Apr 26, 2023.
             Was an Initiate of Gozag.
             Slain by an ice beast (7 damage)
             ... on level 5 of the Dungeon.
             The game lasted 00:03:14 (3336 turns).

holysushi the Cutter (Octopode Monk)                Turns: 3336, Time: 00:03:14

Health: 0/46       AC:  1    Str:  8 (10) XL:     7   Next: 4%
Magic:  7/7        EV: 14    Int: 11 (12) God:    Gozag
Gold:   247        SH:  0    Dex: 16 (17) Spells: 6/6 levels left

rFire   + . .        w - +4 dagger (speed)
rCold   + . .        c - orb {light}
rNeg    . . .        (helmet restricted)
rPois   +            (no amulet)
rElec   +            h - ring of willpower
rCorr   +            s - ring of resist corrosion
SInv    .            t - ring of flight
Will    +....        (no ring)
Stlth   +            (no ring)
HPRegen 0.27/turn    (no ring)
MPRegen 0.10/turn    (no ring)
                     (no ring)

%: no passive effects
@: resistant, flying, glowing
A: almost no armour, amphibious, 8 rings, camouflage 1, gelatinous body 1,
(nimble swimmer 1), tentacles
a: Renounce Religion, Potion Petition, Call Merchant, Bribe Branch


You were on level 5 of the Dungeon.
You worshipped Gozag.
Gozag was aware of your devotion.
You visited 1 branch of the dungeon, and saw 5 of its levels.

You collected 247 gold pieces.

Inventory:

Hand Weapons
 a - a +0 short sword
 w - a +4 dagger of speed (weapon)
Missiles
 m - 3 throwing nets (quivered)
Armour
 c - an orb of light (worn)
Jewellery
 h - a ring of willpower (left tentacle)
 s - a ring of resist corrosion (right tentacle)
 t - a ring of flight (on tentacle)
 y - a ring of ice
Wands
 v - a wand of polymorph (3)
Scrolls
 d - 2 scrolls of noise {unknown}
 e - 3 scrolls of teleportation {unknown}
 g - 8 scrolls of identify {unknown}
 i - a scroll of vulnerability {unknown}
 o - a scroll of poison {unknown}
 p - 2 scrolls of brand weapon {unknown}
 q - a scroll of enchant armour {unknown}
 r - a scroll of amnesia {unknown}
 u - a scroll of blinking {unknown}
Potions
 k - a potion of heal wounds {unknown}
 n - 3 potions of degeneration
 x - a potion of brilliance {unknown}


   Skills:
 - Level 3.0 Fighting
 + Level 7.7 Short Blades
 - Level 3.0 Dodging


You had 6 spell levels left.
You didn't know any spells.
Your spell library contained the following spells:

 Spells                   Type           Power      Damage    Failure   Level
 Apportation              Tloc           0%         N/A       34%         1
 Cigotuvi's Dreadful Rot  Necr/Pois/Air  0%         N/A       47%         2
 Scorch                   Fire           0%         2d5       47%         2
 Ignite Poison            Fire/Tmut/Pois 0%         N/A       71%         3
 Flame Wave               Conj/Fire      0%         2d4       98%         4
 Alistair's Intoxication  Tmut/Pois      0%         N/A       100%        5
 Freezing Cloud           Conj/Ice/Air   0%         6-21      100%        5
 Summon Cactus Giant      Summ           0%         N/A       100%        6


Dungeon Overview and Level Annotations

Branches:
Dungeon (5/15) Zot: 26727  Temple (0/1) D:4

Altars:
Gozag
Kikubaaqudgha

Shops:
D:1 [

Annotations:
D:4 3 runed translucent doors, mandoloar's ghost, amateur OpTm


Innate Abilities, Weirdness & Mutations

You cannot wear most types of armour.
You are amphibious.
You can wear up to eight rings at the same time.
Your skin changes colour to match your surroundings (Stealth+).
Your rubbery body absorbs attacks. (AC +1, EV +1)
((You are camouflaged when in or above water. (Stealth+)))
You have tentacles for arms and can constrict up to eight enemies at once.


Message History

You bump into the rock wall.
The ice beast hits you. The ice beast freezes you!
* * * LOW HITPOINT WARNING * * *
You're too confused to move!
The ice beast hits you.
* * * LOW HITPOINT WARNING * * *
The ice beast freezes you!
* * * LOW HITPOINT WARNING * * *
You bump into the rock wall.
You feel less invigorated.
You feel less confused. The ice beast barely misses you.
The ice beast closely misses you.
It was a potion of curing.
You feel better. The ice beast barely misses you.
You are confused.
You feel invigorated. The ice beast hits you. The ice beast freezes you!
* * * LOW HITPOINT WARNING * * *
You hit the ice beast but do no damage.
The ice beast is lightly wounded.
The ice beast hits you. The ice beast freezes you!
* * * LOW HITPOINT WARNING * * *
You hit the ice beast. You squeeze the ice beast!
The ice beast is heavily wounded.
The ice beast hits you. The ice beast freezes you!
* * * LOW HITPOINT WARNING * * *
You bump into the rock wall.
You feel less invigorated.
You feel less confused. The ice beast misses you.
The ice beast attacks as you move away! The ice beast closely misses you.
It was a potion of resistance.
You feel protected. The ice beast hits you.
* * * LOW HITPOINT WARNING * * *
The ice beast freezes you. You resist.
* * * LOW HITPOINT WARNING * * *
It was a potion of degeneration.
There was something very wrong with that liquid.
You feel weakened.
You feel dopey.
You feel clumsy. The ice beast hits you.
* * * LOW HITPOINT WARNING * * *
The ice beast freezes you! You resist.
You die...
Your body crumbles into a pile of gold.

#.#######.#...........
#.........#.........##
#....######...........
#.##...# ######.#(...
#. ###.# ##.#.... #.
#.## ####..#.... ####
#..####....##....
#....###...##.#####....
#.....@Y.....># #####
#.....######### .......
##..... ....... .#....#
#.### #.


You could see an ice beast.

Vanquished Creatures
  A phantom (D:4)
  A scorpion (D:5)
  2 vampire bats (D:4)
  A hound (D:5)
  An iguana (D:5)
  Ijyb (D:4)
  An orc wizard (D:4)
  6 adders
  4 dart slugs
  2 orcs (D:4)
  7 ball pythons
  5 bats
  2 bat skeletons (D:4)
  4 bat zombies (D:4)
  8 endoplasms
  2 giant cockroaches (D:1)
  5 goblins
  6 hobgoblins
  9 kobolds
  3 frilled lizards
  6 rats
77 creatures vanquished.

Notes
Turn   | Place    | Note
-------+----------+-------------------------------------------
     0 | D:1      | holysushi the Octopode Monk began the quest for the Orb.
     0 | D:1      | Reached XP level 1. HP: 16/16 MP: 1/1
   155 | D:1      | Reached XP level 2. HP: 18/21 MP: 2/2
   498 | D:1      | Found Atar's Antique Armour Emporium.
   786 | D:1      | Reached skill level 4 in Short Blades
   943 | D:2      | Reached XP level 3. HP: 26/26 MP: 3/3
  1348 | D:2      | Reached XP level 4. HP: 31/31 MP: 4/4
  1570 | D:2      | Reached skill level 5 in Short Blades
  2083 | D:3      | Reached XP level 5. HP: 36/36 MP: 5/5
  2328 | D:4      | Found a runed translucent gate.
  2328 | D:4      | Found a runed translucent gate.
  2328 | D:4      | Found a runed translucent gate.
  2328 | D:4      | Noticed mandoloar's ghost (amateur OpTm)
  2398 | D:4      | Found an opulent altar of Gozag.
  2459 | D:4      | Became a worshipper of Gozag Ym Sagoz the Greedy
  2547 | D:4      | Noticed a phantom
  2553 | D:4      | Killed a phantom
  2554 | D:4      | Reached skill level 6 in Short Blades
  2574 | D:4      | Reached XP level 6. HP: 42/42 MP: 6/6
  2659 | D:4      | Noticed Ijyb
  2692 | D:4      | Killed Ijyb
  2945 | D:4      | Found an ancient bone altar of Kikubaaqudgha.
  2954 | D:4      | Reached skill level 7 in Short Blades
  3119 | D:4      | Found a staircase to the Ecumenical Temple.
  3219 | D:5      | Entered Level 5 of the Dungeon
  3245 | D:5      | Reached XP level 7. HP: 38/46 MP: 7/7
  3321 | D:5      | HP: 2/46 [ice beast (8)]
  3336 | D:5      | Slain by an ice beast

Illustrated notes

Levels and vault maps discovered:
D:1:      minmay_arrival_semitransparent, layout_basic, serial_shops,
          nicolae_shop_back_alley_shop, amcnicky_mini_pool_small,
          minmay_misc_feat_rugged, minmay_misc_feat_diagonals
D:2:      layout_basic
D:3:      layout_rooms, kennysheep_big_empty_room
D:4:      layout_loops_ring, grunt_gozag_statues, kennysheep_vampire_church,
          temple_hall, ebering_ghost_rock_garden, uniq_ijyb
D:5:      layout_basic

Skill      XL: |  1  2  3  4  5  6 |
---------------+-------------------+-----
Short Blades   | 4 5 6 7 |  7.7
Fighting       | |  3.0
Dodging        | |  3.0

Action                     |  1- 3 |  4- 6 |  7- 9 || total
---------------------------+-------+-------+-------++-------
  Melee: Short sword       |    71 |    98 |       ||   169
         Constrict         |    28 |    23 |       ||    51
         Tentacles         |    21 |    32 |     1 ||    54
         Punch             |     1 |     3 |       ||     4
         Dagger            |       |    31 |     5 ||    36
    Use: Potion            |       |       |     6 ||     6
   Stab: Sleeping          |       |     4 |       ||     4
 Armour: Skin              |     4 |    26 |       ||    30
  Dodge: Dodged            |    50 |    50 |    10 ||   110

Table legend: (Time is in decaauts)
 A = Elapsed time spent in this place.
 B = Non-inter-level travel time spent in this place.
 C = Inter-level travel time spent in this place.
 D = Time resting spent in this place.
 E = Time spent auto-exploring this place.
 F = Levels seen in this place.
 G = Mean time per level.
                   A        B        C        D        E       F      G
               +--------+--------+--------+--------+--------+-----+--------+
         Total |   3271 |   3137 |    134 |     52 |   2512 |   5 |  654.2 |
       Dungeon |   3271 |   3137 |    134 |     52 |   2512 |   5 |  654.2 |
               +--------+--------+--------+--------+--------+-----+--------+

Top non-repeatable levels by time:
     D:4: 1033 daAuts
     D:1: 916 daAuts
     D:2: 838 daAuts
     D:3: 378 daAuts
     D:5: 105 daAuts
